Map: Ever Dream LE

Players

Massa - Winner!

  • Race: Terran Terran
  • League: Gold
  • Spawn Location: 1:00

Echocorp

  • Race: Protoss Protoss
  • League: Gold
  • Spawn Location: 7:00

VOD

Have the link to the VOD?

Description

Time

  • Played on: Sept. 1, 2020, 5:51 a.m.
  • Length: 15:16
Show
View Real Time Build Order
Export as new Build Order

Massa Terran - Winner!

Build Orders:  

Get SALT Encoding   

  12  0:00  SCV  
  13  0:12  SCV  
  14  0:17  Supply Depot  
  14  0:24  SCV  
  15  0:38  SCV  
  15  0:39  Barracks  
  16  0:46  Refinery  
  16  0:50  SCV  
  17  1:03  SCV  
  18  1:15  SCV  
  18  1:17  Refinery  
  19  1:27  SCV  
  20  1:39  Command Center  
  20  1:41  Reaper  
  20  1:45  SCV  
  22  1:59  Factory  
  22  2:13  Reaper  
  23  2:16  Orbital Command  
  23  2:42  Supply Depot  
  23  2:50  SCV, Hellion, Reaper  
  27  2:57  Orbital Command  
  27  3:02  SCV  
  28  3:08  Starport  
  28  3:12  Hellion  
  30  3:14  SCV  
  30  3:34  Factory Tech Lab  
  29  4:12  SCV x2  
  29  4:15  Barracks Tech Lab  
  29  4:16  Starport Tech Lab  
  31  4:17  Barracks  
  31  4:18  Siege Tank  
  35  4:24  SCV  
  35  4:28  Barracks  
  35  4:31  SCV  
  36  4:36  SCV  
  37  4:41  Marauder  
  37  4:43  SCV  
  40  4:48  SCV  
  40  4:50  Siege Tank  
  44  4:55  SCV  
  44  4:57  Supply Depot  
  44  4:58  Supply Depot  
  45  5:00  SCV  
  45  5:02  Supply Depot  
  45  5:04  Supply Depot  
  45  5:06  Supply Depot  
  46  5:11  Refinery  
  46  5:18  Banshee, Marine x3, Stimpack  
  46  5:19  SCV x2  
  54  5:29  Refinery  
  54  5:31  SCV x2  
  54  5:34  Siege Tank  
  59  5:36  Marine x2  
  59  5:40  Marauder  
  63  5:43  SCV  
  63  5:44  SCV  
  65  5:54  Marine x2  
  65  5:55  SCV  
  68  6:02  Marauder  
  70  6:05  Banshee  
  73  6:12  Marine, Siege Tank  
  77  6:23  Marauder, Supply Depot  
  77  6:25  Supply Depot  
  79  6:28  Engineering Bay  
  79  6:31  Engineering Bay, Marine x2  
  81  6:44  Marauder  
  83  6:48  Medivac  
  83  6:49  Marine x2  
  83  6:53  SCV x2  
  89  7:03  Siege Tank  
  89  7:05  SCV x2  
  89  7:06  Marauder  
  89  7:07  Marine  
  89  7:08  Command Center  
  97  7:15  Terran Infantry Armor Level 1, Barracks  
  97  7:16  Terran Infantry Weapons Level 1  
  97  7:17  SCV, Concussive Shells  
  97  7:18  Medivac  
  65  8:05  Barracks Reactor, Barracks Tech Lab  
  65  8:06  Marauder  
  67  8:21  Siege Tank  
  67  8:23  Medivac  
  72  8:28  Orbital Command, Marauder  
  72  8:30  SCV  
  72  8:31  SCV  
  76  8:43  SCV x2  
  68  8:49  Marauder  
  68  8:53  Medivac, Siege Tank  
  68  8:55  SCV x2  
  77  8:58  Armory  
  77  9:04  Supply Depot  
  77  9:07  SCV x2, Armory  
  77  9:09  SCV  
  80  9:11  Marauder  
  80  9:13  Refinery  
  80  9:15  Refinery  
  82  9:19  SCV x2  
  82  9:21  SCV  
  82  9:22  Raven  
  82  9:23  Barracks Reactor  
  87  9:25  Command Center, Siege Tank  
  87  9:27  Marauder, Supply Depot  
  87  9:28  Marine x2  
  95  9:31  SCV x2  
  95  9:32  Marauder  
  95  9:33  SCV  
  99  9:43  SCV  
  99  9:44  SCV  
  99  9:45  SCV, Marine  
  102  9:46  Marine  
  102  9:49  Marauder  
  102  9:51  Supply Depot  
  106  9:53  Marauder  
  106  9:55  SCV  
  106  9:56  SCV  
  106  9:57  SCV  
  111  10:03  Marine  
  111  10:04  Marine  
  111  10:06  Marine x2  
  115  10:08  Terran Infantry Armor Level 2, Terran Infantry Weapons Level 2  
  115  10:10  Marauder, Terran Vehicle And Ship Armor Level 1  
  115  10:11  Terran Vehicle Weapons Level 1  
  117  10:15  Marauder  
  119  10:21  Marine x2  
  119  10:23  Marine  
  119  10:24  Marine, Thor  
  129  10:31  Marine  
  129  10:32  Missile Turret  
  129  10:33  Missile Turret  
  130  10:36  Marine  
  130  10:39  Marine x2  
  130  10:41  Marine  
  134  10:49  Marine  
  135  10:54  Marauder, Supply Depot  
  124  10:59  Supply Depot  
  101  11:07  Marauder  
  101  11:08  Marine x4  
  101  11:11  Thor  
  105  11:15  Marauder  
  105  11:17  Orbital Command  
  113  11:18  Supply Depot  
  113  11:19  SCV x3  
  113  11:22  Supply Depot  
  116  11:26  Marine x4  
  116  11:28  Marauder  
  116  11:31  SCV x2  
  124  11:36  Factory  
  124  11:37  Marauder  
  124  11:39  Medivac  
  128  11:42  Supply Depot  
  128  11:44  Marine x4  
  132  11:50  Marauder  
  132  11:54  Thor  
  134  11:58  Marauder  
  142  12:01  Marine  
  142  12:02  Marine x3  
  142  12:07  Ghost Academy  
  146  12:09  Medivac  
  146  12:11  Marauder  
  147  12:19  Marauder, Marine  
  147  12:20  Marine x3  
  153  12:26  Refinery  
  153  12:33  Marauder  
  153  12:34  Factory Tech Lab  
  153  12:35  Command Center  
  153  12:37  Marine x3, Thor  
  155  12:38  Barracks, Medivac  
  155  12:41  Marauder  
  168  12:44  Barracks  
  168  12:53  Barracks  
  168  12:54  Barracks, Marauder  
  170  13:02  Marauder  
  170  13:03  Thor  
  178  13:08  Marine  
  178  13:09  Marine x3  
  178  13:11  Combat Shield  
  182  13:15  Marauder  
  182  13:19  Thor  
  184  13:24  Marauder  
  184  13:26  Marine  
  193  13:27  Marine x3  
  193  13:29  Barracks Tech Lab  
  193  13:32  Barracks Tech Lab  
  196  13:46  Marauder, Marine x2  
  200  13:55  Supply Depot  
  200  13:56  Supply Depot  
  200  14:05  Command Center  
  200  14:13  Marine  
  200  14:15  Marauder, Marine  
  190  14:19  Supply Depot  
  190  14:20  Supply Depot  
  164  14:31  Marine  
  164  14:33  Marine  
  164  14:36  Marauder  
  165  14:44  Supply Depot  
  165  14:45  Supply Depot  
  169  15:08  Supply Depot  
Show
View Real Time Build Order
Export as new Build Order

Echocorp Protoss 

Build Orders:  

Get SALT Encoding   

  12  0:00  Probe  
  13  0:12  Probe  
  14  0:18  Pylon  
  14  0:24  Probe  
  15  0:37  Probe  
  15  0:40  Gateway  
  16  0:46  Assimilator  
  16  0:49  Probe  
  17  1:08  Probe  
  18  1:16  Assimilator  
  18  1:20  Probe, Pylon  
  19  1:29  Cybernetics Core  
  19  1:32  Probe  
  20  1:37  Gateway  
  20  1:44  Probe  
  21  1:56  Probe  
  22  2:05  Stalker (Chrono Boost)  
  25  2:08  Probe  
  25  2:09  Warp Gate (Chrono Boost)  
  25  2:20  Probe  
  26  2:23  Stalker (Chrono Boost)  
  26  2:27  Pylon  
  28  2:38  Stalker (Chrono Boost)  
  30  2:57  Nexus  
  30  3:02  Twilight Council  
  30  3:05  Probe  
  31  3:26  Stalker (Chrono Boost)  
  33  3:37  Charge (Chrono Boost), Stalker (Chrono Boost)  
  33  3:42  Shield Battery  
  31  4:00  Stalker  
  33  4:13  Dark Shrine  
  33  4:20  Probe x2  
  33  4:23  Stalker  
  33  4:24  Pylon  
  37  4:32  Probe x2  
  39  4:41  Zealot  
  39  4:44  Probe  
  42  4:46  Zealot  
  42  4:49  Probe  
  45  4:56  Probe  
  46  5:00  Pylon  
  46  5:01  Probe  
  46  5:03  Robotics Facility  
  46  5:05  Forge  
  47  5:08  Probe  
  47  5:11  Forge  
  48  5:15  Probe  
  48  5:19  Zealot  
  51  5:22  Zealot  
  51  5:27  Probe x2  
  55  5:39  Pylon  
  55  5:44  Gateway  
  55  5:45  Gateway  
  55  5:52  Observer (Chrono Boost)  
  56  5:58  Dark Templar  
  56  6:02  Dark Templar  
  60  6:06  Immortal (Chrono Boost)  
  60  6:08  Probe  
  60  6:10  Probe  
  66  6:15  Assimilator  
  66  6:16  Protoss Ground Weapons Level 1 (Chrono Boost)  
  66  6:17  Assimilator  
  66  6:21  Probe  
  66  6:22  Probe, Protoss Ground Armor Level 1 (Chrono Boost)  
  68  6:34  Zealot x2  
  72  6:40  Probe  
  72  6:41  Probe  
  72  6:44  Pylon  
  74  6:47  Pylon  
  74  6:51  Pylon, Dark Templar  
  76  6:58  Stalker  
  78  7:10  Probe x2  
  80  7:22  Probe x2  
  82  7:34  Probe  
  83  7:40  Dark Templar x2  
  63  7:54  Zealot, Stalker  
  63  7:58  Probe x2  
  61  8:10  Probe x2  
  63  8:16  Robotics Bay  
  63  8:20  Robotics Facility  
  63  8:22  Probe x2  
  65  8:28  Stalker x4  
  65  8:32  Gateway  
  73  8:34  Probe  
  73  8:35  Gateway  
  73  8:37  Gateway  
  72  8:44  Protoss Ground Weapons Level 2 (Chrono Boost)  
  70  8:54  Probe x2  
  72  9:06  Colossus  
  78  9:15  Observer  
  79  9:18  Zealot x4  
  87  9:35  Protoss Ground Armor Level 2 (Chrono Boost)  
  87  9:36  Nexus, Immortal  
  91  9:39  Pylon  
  91  9:41  Pylon  
  91  9:46  Extended Thermal Lance  
  91  9:49  Zealot x3  
  97  9:58  Pylon  
  97  10:04  Dark Templar  
  99  10:09  Dark Templar  
  99  10:13  Archon  
  101  10:17  Dark Templar  
  103  10:22  Archon  
  103  10:37  Zealot x2  
  107  10:43  Probe x2  
  109  10:53  Sentry  
  109  10:54  Sentry  
  101  11:18  Assimilator  
  101  11:22  Assimilator, Sentry x3  
  101  11:23  Sentry  
  109  11:25  Pylon  
  109  11:28  Immortal  
  109  11:29  Pylon  
  113  11:34  Pylon  
  113  11:39  Photon Cannon  
  113  11:40  Photon Cannon  
  113  11:43  Protoss Ground Weapons Level 3 (Chrono Boost)  
  113  11:45  Photon Cannon  
  113  11:50  Pylon  
  113  11:54  Photon Cannon  
  113  11:58  Photon Cannon  
  110  12:01  Stalker  
  110  12:05  Stalker x3  
  113  12:40  Probe x2  
  113  12:41  Probe  
  113  12:43  Zealot  
  113  12:44  Stalker x3  
  122  12:47  Colossus  
  122  12:48  Immortal  
  134  12:53  Zealot x2  
  134  12:54  Zealot  
  140  13:04  Probe x2  
  140  13:05  Probe  
  143  13:30  Nexus  
  143  13:32  Pylon, Dark Templar x3  
  143  13:34  Pylon  
  149  13:35  Pylon  
  149  13:36  Archon  
  149  13:39  Probe x2  
  151  13:47  Gravitic Boosters  
  151  13:54  Stargate  
  151  13:55  Stargate  
  151  13:57  Stargate  
  151  14:04  Zealot, Stalker x2  
  126  14:22  Dark Templar x2  
  96  14:30  Zealot, Stalker  
  96  14:31  Zealot, Stalker x2  
Tags
 
League
GoldGold
Matchup
PvT
Replay Pack
Multiplayer
Spawn Locations
Cross Positions
Add a new tag
Caveats
  • Supply blocks, unpowered buildings, or Contaminate may cause inaccurate times.
  • Supply counts are checked every 10 seconds.